 Dungeon Crawl Stone Soup version 0.32-a0-136-gc02482bde3 (webtiles) character file.

Game seed: 16602720978738154291

135 CougarLife the Caller (level 5, -7/35 HPs)
             Began as a Merfolk Summoner on Feb 10, 2024.
             Mangled by a sleepcap (18 damage)
             ... on level 4 of the Dungeon.
             The game lasted 00:03:58 (3231 turns).

CougarLife the Caller (Merfolk Summoner)            Turns: 3231, Time: 00:03:58

Health: -7/35      AC:  2    Str:  8    XL:     5   Next: 18%
Magic:  7/9        EV:  2    Int: 17    God:
Gold:   141        SH:  0    Dex: 14    Spells: 4/10 levels left

rFire   . . .        e - +0 spear
rCold   . . .        (no shield)
rNeg    . . .        a - +0 robe
rPois   .            (no helmet)
rElec   .            (no cloak)
rCorr   .            (no gloves)
SInv    .            (no boots)
Will    .....        (no amulet)
Stlth   ++           (no ring)
HPRegen 0.25/turn    (no ring)
MPRegen 0.11/turn

%: no passive effects
@: sleeping, unable to call your familiar
A: (nimble swimmer 2), mertail
a: no special abilities


You were on level 4 of the Dungeon.
You visited 1 branch of the dungeon, and saw 4 of its levels.

You collected 141 gold pieces.

Inventory:

Hand Weapons
 e - a +0 spear (weapon)
Armour
 a - a +0 robe (worn)
Wands
 d - a wand of digging (7)
 g - a wand of roots (5)
Scrolls
 c - 2 scrolls of revelation {unknown}
 f - a scroll of enchant armour {unknown}
 i - a scroll of immolation {unknown}
 j - a scroll of enchant weapon {unknown}
Potions
 b - 2 potions of magic
 h - 2 potions of cancellation {unknown}


   Skills:
 + Level 2.5 Polearms
 - Level 2.9 Dodging
 - Level 2.4 Stealth
 + Level 3.2 Spellcasting
 + Level 4.9 Summonings


You had 4 spell levels left.
You knew the following spells:

 Your Spells              Type           Power      Damage    Failure   Level
a - Summon Small Mammal   Summ           76%        N/A       2%          1
b - Call Imp              Summ           38%        N/A       3%          2
c - Call Canine Familiar  Summ           19%        N/A       7%          3

Your spell library contained the following spells:

 Spells                   Type           Power      Damage    Failure   Level
 Sublimation of Blood     Necr           2%         N/A       26%         2
 Inner Flame              Hex/Fire       2%         N/A       45%         3
 Tukima's Dance           Hex            2%         N/A       45%         3
 Summon Blazeheart Golem  Fire/Summ      11%        N/A       52%         4
 Summon Lightning Spire   Summ/Air       11%        N/A       52%         4
 Flame Wave               Conj/Fire      2%         2d4       86%         4
 Passage of Golubria      Tloc           2%         N/A       86%         4
 Sticky Flame             Fire/Alch      2%         2d4       86%         4
 Yara's Violent Unravell  Hex/Alch       1%         3d3       99%         5
 Summon Hydra             Summ           9%         N/A       100%        7


Dungeon Overview and Level Annotations

Branches:
Dungeon (4/15)
 Temple: D:4-7

Altars:
The Shining One


Innate Abilities, Weirdness & Mutations

((You are very nimble when in or above water. (Stealth+, EV+, Speed+++)))
Your lower body shifts to a powerful aquatic tail in water.


Message History

You are covered in liquid fire!
You hit the bombardier beetle but do no damage.
The bombardier beetle is almost dead.
The liquid fire burns you!
The goblin hits your cerulean imp but does no damage.
Your cerulean imp hits the bombardier beetle but does no damage.
You hit the bombardier beetle but do no damage.
The bombardier beetle is almost dead.
The liquid fire burns you! The sleepcap closely misses you.
The bombardier beetle closely misses you.
The goblin barely misses your cerulean imp.
Your cerulean imp hits the bombardier beetle with a -3 spear.
The bombardier beetle dies!
You have reached level 5!
You feel clever.
You shake off some of the fire as you move.
The liquid fire burns you! The goblin barely misses you.
Your cerulean imp hits the goblin but does no damage.
You shake off the liquid fire.
The goblin hits you with a +0 dagger. The sleepcap attacks as it pursues you!
The sleepcap releases spores at you but does no damage.
Your cerulean imp misses the goblin.
The goblin hits you with a +0 dagger.
Your cerulean imp closely misses the goblin.
The goblin attacks as it pursues you! The goblin barely misses you.
Your cerulean imp closely misses the goblin.
The sleepcap releases spores at you.
Casting: Call Imp (safe; 3% risk of failure)
Confirm with . or Enter, or press ? or * to list all spells.
Your cerulean imp hits the goblin from afar with a -3 spear.
The sleepcap releases spores at you.
You are engulfed in a cloud of soporific spores!
You fall asleep.
Your cerulean imp hits the goblin but does no damage.
The goblin hits your cerulean imp but does no damage.
The sleepcap releases spores at you!!
Ouch! That really hurt!
You die...

....=.^.#......#
#:.....##.....# #.#.
#......##.....#
.......#.............# .
#.....##.............# .
#.....##.............# .
#.....##....####.....#
..#.....###'######.5...#
..#............r@fg....#
..#....................#
..#....................#
.####...####+###+#######
.####...## ...>.....#
.........# .........#
.........#


You could see a sleepcap (ally target), a goblin (distracted, ally target), a
friendly cerulean imp (summoned) and a friendly quokka (summoned).

Vanquished Creatures
  A dart slug (D:1)
  An orc (D:4)
  5 bats
  3 endoplasms
  A giant cockroach (D:4)
  3 goblins
  3 hobgoblins
  A quokka (D:2)
  2 ball pythons
  A frilled lizard (D:1)
  3 kobolds
  3 rats
27 creatures vanquished.

Vanquished Creatures (collateral kills)
  A bombardier beetle (D:4)
  An orc priest (D:4)
  An adder (D:2)
  A ribbon worm (D:2)
  3 orcs (D:4)
  5 ball pythons
  A bat (D:1)
  An endoplasm (D:1)
  2 giant cockroaches
  4 goblins
  2 hobgoblins
  A quokka (D:4)
  A kobold (D:4)
  2 rats (D:1)
26 creatures vanquished.

Grand Total: 53 creatures vanquished

Notes
Turn   | Place    | Note
-------+----------+-------------------------------------------
     0 | D:1      | CougarLife the Merfolk Summoner began the quest for the
                  | Orb.
     0 | D:1      | Reached XP level 1. HP: 13/13 MP: 3/3
   390 | D:1      | Reached XP level 2. HP: 18/19 MP: 3/5
   486 | D:1      | Found a faded altar of an unknown god.
   505 | D:1      | Learned a level 2 spell: Call Imp
  1098 | D:2      | Reached XP level 3. HP: 24/24 MP: 3/6
  1102 | D:2      | Learned a level 3 spell: Call Canine Familiar
  2129 | D:3      | Reached skill level 1 in Polearms
  2580 | D:3      | Found a glowing golden altar of the Shining One.
  2917 | D:4      | Reached XP level 4. HP: 29/30 MP: 8/8
  3224 | D:4      | Reached XP level 5. HP: 24/35 MP: 7/9
  3231 | D:4      | Mangled by a sleepcap

Illustrated notes

Levels and vault maps discovered:
D:1:      elethiomel_arrival_infinity_welcomes_careful_drivers,
          layout_loops_cross, ebering_ecumenical_altar_rust
D:2:      layout_loops_corners, moated_statue
D:3:      layout_loops_ring, marbit_many_paths
D:4:      layout_gridville, minmay_temple_entry_drinking_statues,
          serial_park_tiny_2, roderic_serpentine_path, corexii_hall_statues_i,
          hex_medium, chequers_serial_rivers_small_a,
          minmay_fractal_squares_diagonal_5

Skill      XL: |  1  2  3  4 |
---------------+-------------+-----
Polearms       | 1 2 |  2.5
Spellcasting   | 3 |  3.2
Dodging        | |  2.9
Stealth        | |  2.4
Summonings     | |  4.9

Action                     |  1- 3 |  4- 6 || total
---------------------------+-------+-------++-------
  Melee: Unarmed           |    57 |       ||    57
         Dagger            |     5 |       ||     5
         Punch             |     2 |     1 ||     3
         Spear             |    60 |    24 ||    84
   Cast: Summon Small Mamm |    30 |     2 ||    32
         Call Imp          |     1 |     1 ||     2
         Call Canine Famil |     7 |     3 ||    10
   Stab: Distracted        |     2 |       ||     2
         Sleeping          |     9 |     1 ||    10
 Armour: Robe              |    63 |    13 ||    76
  Dodge: Dodged            |    90 |    17 ||   107

Table legend: (Time is in decaauts)
 A = Elapsed time spent in this place.
 B = Non-inter-level travel time spent in this place.
 C = Inter-level travel time spent in this place.
 D = Time resting spent in this place.
 E = Time spent auto-exploring this place.
 F = Levels seen in this place.
 G = Mean time per level.
                   A        B        C        D        E       F      G
               +--------+--------+--------+--------+--------+-----+--------+
         Total |   3233 |   3088 |    145 |    179 |   2343 |   4 |  808.2 |
       Dungeon |   3233 |   3088 |    145 |    179 |   2343 |   4 |  808.2 |
               +--------+--------+--------+--------+--------+-----+--------+

Top non-repeatable levels by time:
     D:2: 1077 daAuts
     D:1: 1040 daAuts
     D:3: 735 daAuts
     D:4: 380 daAuts
